 Dungeon Crawl Stone Soup version 0.29-a0-110-g189f89ecda (webtiles) character file.

Game seed: 16860574963612656698

94 Essalna the Digger (level 4, -8/30 HPs)
             Began as a Demonspawn Earth Elementalist on Feb 17, 2022.
             Mangled by an orc (10 damage)
             ... on level 2 of the Dungeon.
             The game lasted 00:04:36 (2745 turns).

Essalna the Digger (Demonspawn Earth Elementalist)  Turns: 2745, Time: 00:04:37

Health: -8/30      AC:  2    Str:  8    XL:     4   Next: 38%
Magic:  3/8        EV: 12    Int: 19    God:
Gold:   100        SH:  0    Dex: 13    Spells: 3/9 levels left

rFire   . . .      SeeInvis .   d - +0 mace
rCold   . . .      Faith    .   (no shield)
rNeg    . . .      Spirit   .   b - +0 robe
rPois   .          Reflect  .   (no helmet)
rElec   .          Harm     .   (no cloak)
rCorr   .          Rampage  .   (no gloves)
Will    .....                   (no boots)
Stlth   ++........              (no amulet)
HPRegen 0.10/turn               (no ring)
MPRegen 0.11/turn               (no ring)

@: no status effects
A: powered by pain 1, condensation shield
a: no special abilities


You were on level 2 of the Dungeon.
You visited 1 branch of the dungeon, and saw 3 of its levels.

You collected 100 gold pieces.

Inventory:

Hand Weapons
 d - a +0 mace (weapon)
Missiles
 c - 24 stones
Armour
 b - a +0 robe (worn)
Scrolls
 g - a scroll of noise {unknown}
 i - a scroll of teleportation {unknown}
 k - a scroll of identify {unknown}
 l - a scroll of enchant armour {unknown}
 m - a scroll of amnesia {unknown}
 o - a scroll of magic mapping {unknown}
Potions
 a - a potion of berserk rage {unknown}
 e - 2 potions of curing {unknown}
 f - a potion of haste {unknown}
 h - a potion of lignification {unknown}
 j - 2 potions of brilliance {unknown}
 n - a potion of invisibility {unknown}


   Skills:
 - Level 1.7 Dodging
 - Level 1.7 Stealth
 + Level 3.1 Spellcasting
 + Level 1.4 Conjurations
 - Level 0.8 Transmutations
 + Level 3.6 Earth Magic


You had 3 spell levels left.
You knew the following spells:

 Your Spells              Type           Power      Damage    Failure   Level
a - Sandblast             Erth           32%        2d9       3%          1
b - Passwall              Tmut/Erth      9%         N/A       9%          2
c - Stone Arrow           Conj/Erth      24%        3d8       16%         3

Your spell library contained the following spells:

 Spells                   Type           Power      Damage    Failure   Level
 Petrify                  Tmut/Erth      11%        N/A       52%         4


Dungeon Overview and Level Annotations

Branches:
Dungeon (3/15)

Altars:


Innate Abilities, Weirdness & Mutations

You sometimes gain a little power by taking damage.
A meltable shield of frost defends you. (SH +0)


Message History

The orc wizard completely misses you. The orc wizard casts a spell at you.
You are confused.
You're too confused to cast spells.
Sorry, you're not good enough to have a special ability.
Unknown command.
The orc wizard barely misses you. The orc hits you with a +0 morningstar.
You feel less confused.
The orc wizard hits you with a +0 dagger.
Casting: Sandblast (safe; 3% risk of failure)
Confirm with . or Enter, or press ? or * to list all spells.
Aiming: Sandblast (safe; 3% risk of failure)
Press: ? - help, Shift-Dir - straight line, f - orc wizard
Aim: an orc wizard, wielding a +0 dagger and wearing a +0 robe (severely wounded, 74% to hit)
The blast of sand hits the orc wizard.
You kill the orc wizard!
Casting: Sandblast (safe; 3% risk of failure)
Confirm with . or Enter, or press ? or * to list all spells.
Aiming: Sandblast (safe; 3% risk of failure)
Press: ? - help, Shift-Dir - straight line, f - orc
Aim: an orc, wielding a +0 morningstar and wearing a +0 leather armour (79% to hit)
The blast of sand hits the orc but does no damage.
The orc hits you with a +0 morningstar!
* * * LOW HITPOINT WARNING * * *
Casting: Sandblast (safe; 3% risk of failure)
Confirm with . or Enter, or press ? or * to list all spells.
Aiming: Sandblast (safe; 3% risk of failure)
Press: ? - help, Shift-Dir - straight line, f/p - orc
Aim: an orc, wielding a +0 morningstar and wearing a +0 leather armour (79% to hit)
The blast of sand hits the orc.
The orc is severely wounded.
The orc hits you with a +0 morningstar.
* * * LOW HITPOINT WARNING * * *
Casting: Sandblast (safe; 3% risk of failure)
Confirm with . or Enter, or press ? or * to list all spells.
Aiming: Sandblast (safe; 3% risk of failure)
Press: ? - help, Shift-Dir - straight line, f/p - orc
Aim: an orc, wielding a +0 morningstar and wearing a +0 leather armour (severely wounded, 79% to hit)
The blast of sand misses the orc.
The orc hits you with a +0 morningstar!
You die...

#...........##≈≈
###............##.
#..........)...##.
########.##............#.
#...................<....
#...........####.#.......
#............##.......###
######..o)......#..#..#
#..@....#.....#..##
##................##
#.......#...........
#.......#.....#.#...
#.........).........
##....>###........#.
##...## #....#####.
###.## #.[..# ## #..#
#..>.# #


You could see an orc.

Vanquished Creatures
  An orc wizard (D:2)
  4 dart slugs
  6 ball pythons
  7 endoplasms
  2 giant cockroaches
  2 goblins
  4 hobgoblins
  9 jackals
  5 kobolds
  3 quokkas
  2 bats
  4 frilled lizards
  6 rats
55 creatures vanquished.

Notes
Turn   | Place    | Note
-------+----------+-------------------------------------------
     0 | D:1      | Essalna the Demonspawn Earth Elementalist began the quest
                  | for the Orb.
     0 | D:1      | Reached XP level 1. HP: 13/13 MP: 3/3
   327 | D:1      | Gained mutation: You sometimes gain a little power by
                  | taking damage. [demonic ancestry]
   327 | D:1      | Reached XP level 2. HP: 4/19 MP: 0/5
  1731 | D:1      | Reached XP level 3. HP: 18/24 MP: 4/7
  1734 | D:1      | Learned a level 2 spell: Passwall
  1738 | D:1      | Learned a level 3 spell: Stone Arrow
  2501 | D:2      | Reached skill level 1 in Conjurations
  2520 | D:2      | Found a faded altar of an unknown god.
  2623 | D:2      | Gained mutation: A meltable shield of frost defends you.
                  | (SH +0) [demonic ancestry]
  2623 | D:2      | Reached XP level 4. HP: 30/30 MP: 6/8
  2745 | D:2      | Mangled by an orc

Illustrated notes

Levels and vault maps discovered:
D:1:      eino_arrival_cavern_d, layout_basic
D:2:      cheibrodos_helix_gallery, layout_rooms, ebering_ecumenical_altar_webs,
          st_stairs_9
D:3:      layout_loops_ring, cheibrodos_worm_habitat, trog_butcher_becter,
          mainiacjoe_overflow_alcove_3

Skill      XL: |  1  2  3 |
---------------+----------+-----
Earth Magic    | 3 |  3.6
Spellcasting   | 3 |  3.1
Conjurations   | 1 |  1.4
Dodging        | |  1.7
Stealth        | |  1.7
Transmutations | |  0.8

Action                   |  1- 3 |  4- 6 || total
-------------------------+-------+-------++-------
Melee: Unarmed           |    35 |       ||    35
       Punch             |     1 |       ||     1
       Mace              |    27 |     1 ||    28
 Cast: Sandblast         |    57 |     7 ||    64
Armor: Robe              |    18 |       ||    18
Dodge: Dodged            |    61 |     9 ||    70

Table legend: (Time is in decaauts)
 A = Elapsed time spent in this place.
 B = Non-inter-level travel time spent in this place.
 C = Inter-level travel time spent in this place.
 D = Time resting spent in this place.
 E = Time spent auto-exploring this place.
 F = Levels seen in this place.
 G = Mean time per level.
                   A        B        C        D        E       F      G
               +--------+--------+--------+--------+--------+-----+--------+
         Total |   2756 |   2713 |     43 |      0 |   2363 |   3 |  918.7 |
       Dungeon |   2756 |   2713 |     43 |      0 |   2363 |   3 |  918.7 |
               +--------+--------+--------+--------+--------+-----+--------+

Top non-repeatable levels by time:
     D:1: 1883 daAuts
     D:2: 860 daAuts
     D:3: 12 daAuts
